 Dungeon Crawl Stone Soup version 0.26.0-16-gc1dbca0489 (webtiles) character file.

Game seed: 3952578930674522615

539 kaeus the Skirmisher (level 7, -11/56 HPs)
             Began as a Demonspawn Berserker on Jan 20, 2021.
             Was a Believer of Trog.
             Mangled by a gnoll
             ... wielding a +0 halberd
              (12 damage)
             ... on level 4 of the Dungeon.
             The game lasted 00:11:05 (4841 turns).

kaeus the Skirmisher (Demonspawn Berserker)         Turns: 4841, Time: 00:11:05

Health: -11/56     AC: 11    Str: 20    XL:     7   Next: 5%
Magic:  7/7        EV:  8    Int:  8    God:    Trog [**....]
Gold:   213        SH:  5    Dex: 12    Spells: 6/6 levels left

rFire    . . .     SeeInvis .   a - +0 hand axe
rCold    + . .     Faith    .   (no shield)
rNeg     . . .     Spirit   .   b - +0 chain mail
rPois    .         Reflect  +   (no helmet)
rElec    .         Harm     .   (no cloak)
rCorr    .         Rampage  .   o - +0 pair of gloves
Will     .....                  v - +0 pair of boots
Stlth    ..........             r - amulet of reflection
HPRegen  0.18/turn              (no ring)
MPRegen  0.10/turn              (no ring)

@: mighty, berserk cooldown, slowed, very slow
A: cold resistance 1, miasma immunity
a: Renounce Religion, Berserk, Trog's Hand


You were on level 4 of the Dungeon.
You worshipped Trog.
Trog was pleased with you.
You visited 1 branch of the dungeon, and saw 4 of its levels.

You collected 213 gold pieces.

Inventory:

Hand Weapons
 a - a +0 hand axe (weapon)
 h - a +1 spear of flaming
Armour
 b - a +0 chain mail (worn)
 o - a +0 pair of gloves (worn)
 v - a +0 pair of boots (worn)
Jewellery
 i - an uncursed amulet of the acrobat
 r - an amulet of reflection (around neck)
Wands
 u - a wand of disintegration (5)
Scrolls
 c - 3 scrolls of identify
 d - 2 scrolls of noise {unknown}
 j - a scroll of blinking
 m - 3 scrolls of remove curse
 p - a scroll of fog {unknown}
 q - a scroll of immolation
 s - 2 scrolls of teleportation
 t - a scroll of fear {unknown}
Potions
 e - 2 potions of might
 f - 2 potions of brilliance {unknown}
 g - 2 potions of mutation {unknown}
 k - 2 potions of curing {unknown}
 l - 3 potions of flight {unknown}
 n - a potion of heal wounds {unknown}


   Skills:
 + Level 5.2 Fighting
 + Level 4.7 Axes
 + Level 4.2 Armour
 - Level 1.8 Dodging


You had 6 spell levels left.
You didn't know any spells.
Your spell library was empty.

Dungeon Overview and Level Annotations

Branches:
Dungeon (4/15)
 Temple: D:4-7

Altars:

Shops:
D:4 *

Annotations:
D:4 1 transporter, vvl's ghost, novice GrFi


Innate Abilities, Weirdness & Mutations

Your flesh is cold resistant. (rC+)
You are immune to miasma.


Message History

The gnoll hits you from afar with a +0 halberd.
* * * LOW HITPOINT WARNING * * *
Vvl's ghost hits you but does no damage.
You closely miss vvl's ghost.
Vvl's ghost is severely damaged.
You are no longer berserk.
You are exhausted.
You feel yourself slow down.
The gnoll hits you from afar with a +0 halberd!
* * * LOW HITPOINT WARNING * * *
You hit vvl's ghost but do no damage.
Vvl's ghost is severely damaged.
The gnoll hits you but does no damage.
Vvl's ghost hits you but does no damage.
The gnoll hits you but does no damage.
Vvl's ghost hits you but does no damage.
It was a potion of might.
You feel very mighty all of a sudden.
The gnoll hits you from afar with a +0 halberd!
You die...

#..≈≈≈≈≈≈≈≈≈≈≈...≈≈≈≈≈≈≈≈≈≈≈...
#..≈≈≈≈≈≈≈≈≈≈≈...≈≈≈≈≈≈≈≈≈≈≈...
#..≈≈#####...........#####≈≈...
#..≈≈#g#.#.###.©.###.#.#.#≈≈...
##.≈≈#...###.#####.###...#≈≈...
#.≈≈###..... .........###≈≈...
#.≈≈.8#.##'###'##### #8.≈≈...
#.≈≈.##.#...#).8# .. .##.≈≈.##
#.≈≈.#..'..gW@©⌠# .'..#.≈≈.#
#.≈≈.##.#...#..8# # ##.≈≈.#
#.≈≈.8#.##'###'######.#8.≈≈.##
#.≈≈###...............###≈≈..#
#.≈≈#g..###.#####g###...#≈≈...
#.≈≈#.#.#.###.©.###.#g#.#≈≈..#
#.≈≈#####...........#####≈≈...
#.≈≈≈≈≈≈≈≈≈≈≈≈≈≈≈≈≈≈≈≈≈≈≈≈≈.##
#.≈≈≈≈≈≈≈≈≈≈≈≈≈≈≈≈≈≈≈≈≈≈≈≈≈..#


You could see vvl's ghost and a gnoll (fast).

Vanquished Creatures
  Menkaure (D:4)
  An ogre (D:4)
  A howler monkey (D:4)
  A centaur skeleton (D:4)
  A gnoll shaman (D:4)
  Jessica (D:2)
  An iguana (D:4)
  A worker ant (D:4)
  A hound skeleton (D:4)
  A gnoll (D:4)
  4 adders
  A white imp (D:2)
  2 oozes (D:2)
  A worm (D:3)
  A dart slug (D:2)
  5 leopard geckos
  5 bats
  8 giant cockroaches
  5 goblins
  7 hobgoblins
  8 jackals
  17 kobolds
  A quokka (D:2)
  A ball python (D:3)
  4 frilled lizards
  A quokka skeleton (D:4)
  5 rats
86 creatures vanquished.

Vanquished Creatures (others)
  An adder (D:4)
  6 plants (D:4)
7 creatures vanquished.

Grand Total: 93 creatures vanquished

Notes
Turn   | Place    | Note
-------+----------+-------------------------------------------
     0 | D:1      | kaeus the Demonspawn Berserker began the quest for the Orb.
     0 | D:1      | Reached XP level 1. HP: 18/18 MP: 1/1
   143 | D:1      | Gained mutation: Your flesh is cold resistant. (rC+)
                  | [demonic ancestry]
   143 | D:1      | Reached XP level 2. HP: 3/24 MP: 2/2
   804 | D:1      | Reached ** piety under Trog
  1138 | D:2      | Reached XP level 3. HP: 11/29 MP: 3/3
  1602 | D:2      | Reached XP level 4. HP: 27/37 MP: 4/4
  1881 | D:2      | Noticed Jessica
  1888 | D:2      | Killed Jessica
  2017 | D:2      | You fall into a shaft and drop 2 floors!
  2078 | D:4      | Reached skill level 4 in Fighting
  2078 | D:4      | Reached XP level 5. HP: 13/42 MP: 5/5
  2102 | D:4      | HP: 2/42 [poisoned by an adder]
  3421 | D:3      | Reached *** piety under Trog
  4016 | D:4      | Noticed an ogre
  4032 | D:4      | Killed an ogre
  4033 | D:4      | Gained mutation: You are immune to miasma. [demonic
                  | ancestry]
  4033 | D:4      | Reached XP level 6. HP: 29/49 MP: 6/6
  4273 | D:4      | Found a transporter.
  4318 | D:4      | Found Cukkeigi's Assorted Antiques.
  4376 | D:4      | Noticed Menkaure
  4389 | D:4      | Killed Menkaure
  4390 | D:4      | Reached skill level 5 in Fighting
  4644 | D:4      | Found a transporter.
  4770 | D:4      | Noticed vvl's ghost (novice GrFi)
  4812 | D:4      | Paralysed by a gnoll for 3 turns
  4816 | D:4      | Paralysed by a gnoll for 2 turns
  4824 | D:4      | Reached XP level 7. HP: 43/56 MP: 7/7
  4839 | D:4      | HP: 1/56 [gnoll/+0 halberd (11)]
  4841 | D:4      | Mangled by a gnoll

Illustrated notes

Levels and vault maps discovered:
D:1:      nicolae_arrival_washed_ashore, layout_basic
D:2:      layout_loops_corners, chequers_serial_rivers_small_b, uniq_jessica
D:3:      layout_basic, amethyst_killhole, corexii_shack
D:4:      layout_basic, gup_sewer_entry_pipe, gammafunk_ghost_gnarly_gnolls,
          serial_shops, shop, lemuel_old_faithful, uniq_menkaure

Skill      XL: |  1  2  3  4  5  6 |
---------------+-------------------+-----
Armour         | 2 3 4 |  4.2
Axes           | 3 4 |  4.7
Fighting       | 4 5 |  5.2
Dodging        | |  1.8

Action                   |  1- 3 |  4- 6 |  7- 9 || total
-------------------------+-------+-------+-------++-------
Melee: Hand axe          |   117 |   227 |    17 ||   361
Invok: Berserk           |     1 |     4 |       ||     5
       Trog's Hand       |       |     1 |       ||     1
  Use: Scroll            |     4 |     1 |       ||     5
       Potion            |       |       |     1 ||     1
Armor: Ring mail         |    50 |    34 |       ||    84
       Chain mail        |       |    39 |     9 ||    48
Dodge: Dodged            |   104 |   109 |     9 ||   222
Block: Other             |       |    30 |     5 ||    35
       Reflection        |       |     1 |       ||     1
